 Dungeon Crawl Stone Soup version 0.22-a0-409-gb855193 (webtiles) character file.

33113 mortelune the Destroyer (level 13, -7/76 HPs)
             Began as a Deep Elf Fire Elementalist on May 10, 2018.
             Was a High Priest of Vehumet.
             Mangled by an entropy weaver
             ... wielding the +9 hand axe "Ravec" {freeze, Str+3 Int+4 Dex+3}
              (9 damage)
             ... on level 5 of the Lair of Beasts.
             The game lasted 01:30:32 (22264 turns).

mortelune the Destroyer (DEFE)                     Turns: 22264, Time: 01:30:32

Health: -7/76      AC: 13    Str:  6    XL:     13   Next: 35%
Magic:  0/31       EV: 17    Int: 25    God:    Vehumet [*****.]
Gold:   598        SH:  0    Dex: 15    Spells: 3/37 levels left

rFire    + . .     SeeInvis .   L - +8 glaive of Subjectivity {freeze, MR+}
rCold    x . .     Gourm    .   (shield currently unavailable)
rNeg     + . .     Faith    .   C - +0 troll leather armour
rPois    +         Spirit   +   s - +2 hat of the Bear Spirit {Spirit, +Rage rN+ MR++}
rElec    .         Reflect  .   n - +2 cloak
rCorr    .         Harm     .   q - +0 pair of gloves
MR       +++++                  F - +0 pair of boots {Fly}
Stlth    ++........             A - amulet of the acrobat
HPRegen  0.62/turn              v - ring of fire
MPRegen  0.22/turn              S - ring of poison resistance

@: flying
A: talons 1, icy blue scales 1, blurry vision 1, magic resistance 1, wild magic
1
a: Renounce Religion, Evoke Berserk Rage, Stop Flying


You were on level 5 of the Lair of Beasts.
You worshipped Vehumet.
Vehumet was extremely pleased with you.
You were not hungry.

You visited 2 branches of the dungeon, and saw 16 of its levels.
You also visited: Bailey.

You collected 833 gold pieces.
You spent 235 gold pieces at shops.

Inventory:

Hand Weapons
 L - the +8 glaive of Subjectivity (weapon) {freeze, MR+}
   (You took it off a gnoll in a bailey)

   It has been specially enchanted to freeze those struck by it, causing extra
   injury to most foes and up to half again as much damage against particularly
   susceptible opponents.
   It can also slow down cold-blooded creatures.
   It affects your resistance to hostile enchantments.
Armour
 a - a +0 robe
 n - a +2 cloak (worn)
 q - a +0 pair of gloves (worn)
 s - the +2 hat of the Bear Spirit (worn) {Spirit, +Rage rN+ MR++}
   (You acquired it in a bailey)

   It protects you from negative energy.
   It affects your resistance to hostile enchantments.
   It lets you go berserk.
 u - a +0 helmet
 C - a +0 troll leather armour (worn)
 D - a +0 buckler
 F - a +0 pair of boots of flying (worn)
 J - +0 fire dragon scales
 M - a +1 ring mail of fire resistance
 R - a +2 robe of cold resistance
Jewellery
 f - a +4 amulet of reflection {unknown}
 v - a ring of fire (left hand)
 y - an uncursed ring of positive energy
 A - an amulet of the acrobat (around neck)
 S - a ring of poison resistance (right hand)
Wands
 z - a wand of iceblast (9)
 E - a wand of enslavement (11)
 G - a wand of clouds (4)
 T - a wand of acid (8)
 U - a wand of disintegration (16)
Scrolls
 b - 7 scrolls of remove curse
 h - 5 scrolls of teleportation
 i - 3 scrolls of enchant weapon
 k - 6 scrolls of enchant armour
 o - 2 scrolls of fear
 r - 3 scrolls of immolation
 w - a scroll of fog
 x - 2 scrolls of vulnerability
 B - a scroll of magic mapping
 H - a scroll of amnesia
 I - a scroll of noise {unknown}
 N - a scroll of blinking {unknown}
 P - a scroll of torment {unknown}
Potions
 d - 3 potions of agility
 e - 2 potions of haste
 g - 3 potions of ambrosia
 j - 7 potions of curing
 l - a potion of might
 m - 4 potions of resistance
 p - a potion of heal wounds
 t - a potion of degeneration
 O - 2 potions of mutation
 Q - 3 potions of berserk rage
Comestibles
 c - 40 rations
 K - 2 chunks of flesh


   Skills:
 * Level 7.3 Fighting
 + Level 2.6 Armour
 - Level 9.5 Dodging
 - Level 2.4 Stealth
 + Level 12.6 Spellcasting
 * Level 12.9 Conjurations
 - Level 3.0 Necromancy
 + Level 12.6 Fire Magic
 + Level 3.6 Air Magic


You had 3 spell levels left.
You knew the following spells:

 Your Spells              Type           Power        Failure   Level  Hunger
a - Flame Tongue          Conj/Fire      #####        1%          1    None
b - Throw Flame           Conj/Fire      ######       1%          2    None
c - Conjure Flame         Conj/Fire      ########     1%          3    None
d - Sticky Flame          Conj/Fire      ########     1%          4    None
e - Fireball              Conj/Fire      ########..   1%          5    ###....
f - Shock                 Conj/Air       ####         1%          1    None
g - Animate Skeleton      Necr           N/A          3%          1    None
h - Iskenderun's Battles  Conj/Chrm      ######..     4%          5    ###....
q - Lightning Bolt        Conj/Air       ######....   2%          5    ###....
x - Orb of Destruction    Conj           #######...   9%          7    ######.


Dungeon Overview and Level Annotations

Branches:
Dungeon (11/15)            Temple (0/1) D:4            Lair (5/6) D:10
  Swamp (0/4) Lair:2       Spider (0/4) Lair:2          Orc (0/2) D:10
  Slime: Lair:5-6

Altars:
Fedhas
Okawaru
Qazlal
Uskayaw
Vehumet
Yredelemnul
The Shining One
Beogh

Shops:
D:8 *[   D:10 (


Innate Abilities, Weirdness & Mutations

You have sharp toenails.
You are partially covered in icy blue scales. (AC +2)
Scrolls take you a little longer to read.
You are resistant to hostile enchantments. (MR+)
Your spells are a little harder to cast, but a little more powerful.


Message History

The entropy weaver freezes you.
The entropy weaver hits you with a smoking hand axe {freeze}.
The entropy weaver freezes you.
The entropy weaver completely misses you.
The entropy weaver hits you with a smoking hand axe {freeze}.
* * * LOW HITPOINT WARNING * * *
The entropy weaver freezes you.
* * * LOW HITPOINT WARNING * * *
You feel much better.
The entropy weaver hits you with a smoking hand axe {freeze}!
The entropy weaver freezes you.
* * * LOW HITPOINT WARNING * * *
The entropy weaver hits you with a smoking hand axe {freeze}.
* * * LOW HITPOINT WARNING * * *
The entropy weaver freezes you.
* * * LOW HITPOINT WARNING * * *
The entropy weaver hits you with a smoking hand axe {freeze}!
* * * LOW HITPOINT WARNING * * *
The entropy weaver freezes you!
You die...

....#...#.#(...##........########
....###..#.#...###...##..#
.....###+##......#.....Z.#
.........##..........#...#
........8...........##...#
#.....##.##...#....#
#......#.†.##....# .+
#.........#.....♣.
.....#...8.@a#.......♣
.............#.......P♣
.....#.8...8.#.......#.)
.....#.....§.#......#♣.#
.........8...#......#
.#..##.......###.D..# ..
#...#.#.... ##...# #
#...##..#.... ...# #... ... #..8.


You could see an entropy weaver.

Vanquished Creatures
  Fannar (D:10)
  A hydra (Lair:4)
  2 two-headed ogres (D:8)
  An orc knight (Bailey)
  A deep elf mage (D:8)
  An orc sorcerer (Bailey)
  A cyclops (D:11)
  3 elephants (Lair:4)
  Joseph (D:10)
  6 spiny frogs
  3 black mambas
  A kobold demonologist (Bailey)
  4 komodo dragons
  2 polar bears (Lair:3)
  2 jumping spiders (Lair:2)
  3 trolls
  A queen bee (Lair:1)
  A hornet (D:7)
  Grinder (D:4)
  11 hippogriffs
  31 yaks
  3 wyverns
  13 spriggans
  A hungry ghost (D:9)
  A steam dragon (Lair:2)
  2 basilisks
  4 vampire mosquitoes (Lair:2)
  8 water moccasins
  7 porcupines
  15 orc warriors
  5 sky beasts
  2 black bears
  2 ice beasts
  A necrophage (D:8)
  3 phantoms
  9 wolves
  5 ogres
  A centaur (D:9)
  7 crocodiles
  A big kobold (D:8)
  12 bullfrogs
  3 scorpions
  31 killer bees
  4 wights (D:7)
  7 electric eels
  10 howler monkeys
  3 crimson imps
  5 hounds
  A jelly (D:7)
  2 orc priests (D:10)
  A bullfrog skeleton (D:4)
  6 orc wizards
  Jessica (D:3)
  8 worker ants
  Natasha (thrice) (D:2)
  4 iguanas
  A hound zombie (D:11)
  A hound skeleton (D:6)
  A howler monkey zombie (D:5)
  A worker ant zombie (D:7)
  6 gnolls
  12 adders
  A shadow imp (D:7)
  2 oozes (D:6)
  An adder skeleton (D:8)
  2 worms
  3 dart slugs
  8 leopard geckos
  46 orcs
  9 giant cockroaches
  15 hobgoblins
  10 jackals
  5 quokkas
  A ball python (D:2)
  8 bats
  12 frilled lizards
  11 goblins
  A jackal skeleton (D:6)
  A jackal zombie (D:6)
  11 kobolds
  A leopard gecko skeleton (D:4)
  10 rats
  A fungus (Lair:4)
450 creatures vanquished.

Vanquished Creatures (collateral kills)
  A queen ant (Lair:5)
  An orc knight (Bailey)
  A spiny frog (Lair:5)
  A steam dragon (Lair:5)
  2 wolves (Lair:2)
  A bullfrog (Lair:1)
  A worker ant (Lair:5)
  An orc (Bailey)
9 creatures vanquished.

Vanquished Creatures (others)
  3 fungi
  2 plants
5 creatures vanquished.

Grand Total: 464 creatures vanquished

Notes
Turn   | Place    | Note
-------+----------+-------------------------------------------
     0 | D:1      | mortelune the Deep Elf Fire Elementalist began the quest for the Orb.
     0 | D:1      | Reached XP level 1. HP: 10/10 MP: 6/6
   295 | D:1      | Reached XP level 2. HP: 15/15 MP: 4/8
   299 | D:1      | Learned a level 2 spell: Throw Flame
   860 | D:1      | Reached XP level 3. HP: 19/19 MP: 7/9
   865 | D:1      | Learned a level 3 spell: Conjure Flame
  1987 | D:2      | Reached XP level 4. HP: 23/24 MP: 4/11
  2327 | D:2      | Noticed Natasha
  2332 | D:2      | Killed Natasha
  2333 | D:2      | Noticed Natasha
  2362 | D:2      | Gained mutation: You are dopey. (Int -2) [potion of mutation]
  2362 | D:2      | Gained mutation: You are resistant to hostile enchantments. (MR+) [potion of mutation]
  2362 | D:2      | Gained mutation: Your spells are a little harder to cast, but a little more powerful. [potion of mutation]
  2370 | D:2      | Killed Natasha
  2437 | D:2      | Lost mutation: Your spells are a little harder to cast, but a little more powerful. [potion of mutation]
  2437 | D:2      | Lost mutation: You are resistant to hostile enchantments. (MR+) [potion of mutation]
  2437 | D:2      | Gained mutation: Your spells are a little easier to cast, but a little less powerful. [potion of mutation]
  2437 | D:2      | Gained mutation: You are partially covered in large bone plates. (SH +4) [potion of mutation]
  2437 | D:2      | Gained mutation: Your system is resistant to poisons. (rPois) [potion of mutation]
  2437 | D:2      | Gained mutation: You are resistant to hostile enchantments. (MR+) [potion of mutation]
  2438 | D:2      | Lost mutation: Your spells are a little easier to cast, but a little less powerful. [potion of mutation]
  2438 | D:2      | Lost mutation: You are partially covered in large bone plates. (SH +4) [potion of mutation]
  2438 | D:2      | Lost mutation: Your system is resistant to poisons. (rPois) [potion of mutation]
  2438 | D:2      | Gained mutation: Scrolls take you a little longer to read. [potion of mutation]
  2438 | D:2      | Gained mutation: Your body sometimes deteriorates upon taking damage. [potion of mutation]
  2438 | D:2      | Gained mutation: You are partially covered in large bone plates. (SH +4) [potion of mutation]
  2438 | D:2      | Gained mutation: Your spells are a little harder to cast, but a little more powerful. [potion of mutation]
  2439 | D:2      | Lost mutation: You are partially covered in large bone plates. (SH +4) [potion of mutation]
  2439 | D:2      | Lost mutation: You are dopey. (Int -2) [potion of mutation]
  2439 | D:2      | Lost mutation: Your body sometimes deteriorates upon taking damage. [potion of mutation]
  2439 | D:2      | Gained mutation: You have sharp toenails. [potion of mutation]
  2439 | D:2      | Gained mutation: You are partially covered in icy blue scales. (AC +2) [potion of mutation]
  2614 | D:2      | Noticed Natasha
  2626 | D:2      | Killed Natasha
  2626 | D:2      | Reached XP level 5. HP: 20/28 MP: 4/13
  3033 | D:3      | Learned a level 4 spell: Sticky Flame
  3043 | D:3      | Found a blossoming altar of Fedhas.
  3306 | D:3      | Noticed Jessica
  3307 | D:3      | Killed Jessica
  3308 | D:3      | Noticed an ice beast
  3313 | D:3      | Killed an ice beast
  3313 | D:3      | Reached skill level 5 in Fire Magic
  3313 | D:3      | Reached XP level 6. HP: 32/32 MP: 2/15
  3818 | D:3      | Reached skill level 5 in Spellcasting
  3942 | D:3      | Learned a level 5 spell: Fireball
  3965 | D:4      | Found a stormy altar of Qazlal.
  3965 | D:4      | Found a glowing golden altar of the Shining One.
  3974 | D:4      | Found a faded altar of an unknown god.
  3981 | D:4      | Found a hide-covered altar of Uskayaw.
  3983 | D:4      | Found a radiant altar of Vehumet.
  3992 | D:4      | Became a worshipper of Vehumet
  4021 | D:4      | Noticed Grinder
  4028 | D:4      | Killed Grinder
  4028 | D:4      | Reached XP level 7. HP: 36/36 MP: 3/17
  5080 | D:4      | Reached skill level 5 in Conjurations
  5099 | D:4      | Found a staircase to the Ecumenical Temple.
  5560 | D:5      | Entered Level 5 of the Dungeon
  5723 | D:5      | Reached * piety under Vehumet
  5723 | D:5      | Offered knowledge of Shock by Vehumet.
  5726 | D:5      | Learned a level 1 spell: Shock
  6544 | D:6      | Reached XP level 8. HP: 41/41 MP: 14/20
  7267 | D:7      | Reached skill level 5 in Dodging
  7434 | D:7      | Reached skill level 1 in Fighting
  8026 | D:7      | Noticed a hornet
  8032 | D:7      | Killed a hornet
  8032 | D:7      | Reached XP level 9. HP: 27/48 MP: 6/23
  9271 | D:8      | Found Marph's Armour Shop.
  9276 | D:8      | Bought a +0 buckler for 63 gold pieces
  9292 | D:8      | Noticed a deep elf mage
  9297 | D:8      | Noticed a two-headed ogre
  9300 | D:8      | Noticed a demonic crawler
  9300 | D:8      | Noticed a jumping spider
  9301 | D:8      | Noticed a sixfirhy
  9301 | D:8      | Killed a deep elf mage
  9320 | D:8      | Killed a two-headed ogre
  9558 | D:8      | Reached ** piety under Vehumet
  9558 | D:8      | Offered knowledge of Throw Frost by Vehumet.
  9833 | D:8      | Reached XP level 10. HP: 41/56 MP: 8/25
 10009 | D:8      | Reached skill level 10 in Spellcasting
 10114 | D:8      | Found Quff's General Store.
 10114 | D:8      | Noticed a two-headed ogre
 10129 | D:8      | Killed a two-headed ogre
 10186 | D:8      | Bought a +0 pair of boots of flying for 172 gold pieces
 11507 | D:9      | Offered knowledge of Dazzling Spray by Vehumet.
 11523 | D:9      | Reached skill level 10 in Fire Magic
 12071 | D:10     | Entered Level 10 of the Dungeon
 12071 | D:10     | Noticed Joseph
 12075 | D:10     | Killed Joseph
 12156 | D:10     | Reached *** piety under Vehumet
 12156 | D:10     | Reached XP level 11. HP: 61/61 MP: 15/28
 12171 | D:10     | Found Bizeoc's Antique Weapon Boutique.
 12270 | D:10     | Found a flagged portal.
 12278 | Bailey   | Entered a bailey
 12393 | Bailey   | Noticed an orc sorcerer
 12400 | Bailey   | Killed an orc sorcerer
 12402 | Bailey   | Noticed a sixfirhy
 12557 | Bailey   | Offered knowledge of Throw Icicle by Vehumet.
 12590 | Bailey   | Learned a level 1 spell: Animate Skeleton
 12648 | Bailey   | Noticed an orc knight
 12659 | Bailey   | Killed an orc knight
 12659 | Bailey   | Reached skill level 10 in Conjurations
 12804 | Bailey   | Found an iron altar of Okawaru.
 12830 | Bailey   | Noticed an orc knight
 12860 | Bailey   | Killed an orc knight
 13142 | Bailey   | Found the +2 hat of the Bear Spirit {Spirit, +Rage rN+ MR++}
 13211 | Bailey   | Got a bloodstained glaive {freeze}
 13298 | Bailey   | Identified the +8 glaive of Subjectivity {freeze, MR+} (You took it off a gnoll in a bailey)
 13891 | D:10     | Found a staircase to the Orcish Mines.
 14038 | D:10     | Found a roughly hewn altar of Beogh.
 14041 | D:10     | Reached **** piety under Vehumet
 14253 | D:10     | Noticed Fannar
 14254 | D:10     | Killed Fannar
 14266 | D:10     | Found a staircase to the Lair.
 14579 | D:11     | Offered knowledge of Iskenderun's Battlesphere by Vehumet.
 14701 | D:10     | Learned a level 5 spell: Iskenderun's Battlesphere
 14742 | D:11     | Found a basalt altar of Yredelemnul.
 15365 | Lair:1   | Entered Level 1 of the Lair of Beasts
 15471 | Lair:1   | Reached skill level 5 in Fighting
 15677 | Lair:1   | Reached XP level 12. HP: 68/68 MP: 27/30
 15836 | Lair:1   | Reached ***** piety under Vehumet
 16089 | Lair:1   | Offered knowledge of Lightning Bolt by Vehumet.
 16381 | Lair:1   | Got a spiked ring mail
 16384 | Lair:1   | Identified the cursed +1 ring mail "Fidghopn" {rElec rC- Str+3} (You found it on level 1 of the Lair of Beasts)
 16971 | Lair:1   | Learned a level 5 spell: Lightning Bolt
 16986 | Lair:2   | Found a staircase to the Swamp.
 17211 | Lair:2   | Reached skill level 1 in Air Magic
 17798 | Lair:2   | Reached skill level 1 in Necromancy
 17984 | Lair:2   | Reached skill level 1 in Armour
 18068 | Lair:2   | Found a hole to the Spider Nest.
 19472 | Lair:3   | Learned a level 7 spell: Orb of Destruction
 19736 | Lair:3   | Reached XP level 13. HP: 76/76 MP: 23/31
 20465 | Lair:4   | Offered knowledge of Bolt of Fire by Vehumet.
 21615 | Lair:4   | Found an iron altar of Okawaru.
 22261 | Lair:5   | Noticed an entropy weaver
 22264 | Lair:5   | HP: 2/76 [entropy weaver/smoking hand axe {freeze} (12)]
 22264 | Lair:5   | Identified the +9 hand axe "Ravec" {freeze, Str+3 Int+4 Dex+3}
 22264 | Lair:5   | Mangled by an entropy weaver

Vault maps used:
D:1:      evilmike_arrival_run_for_it
D:2:      uniq_natasha
D:3:      first_ration, fedhas_altar_3, uniq_jessica
D:4:      chequers_temple_overflow_minitemple, minmay_temple_entry_crystal_x,
          minmay_lizard_king, uniq_grinder
D:7:      the_bakery
D:8:      serial_shops, nicolae_shop_waterfront, kennysheep_little_box
D:9:      st_stairs_7, hangedman_decor_diamond_cutter
D:10:     lair_entry_dummy, minmay_orc_entry_temple_small, enter_bailey_1,
          serial_shops, shop, uniq_joseph, uniq_fannar
D:11:     basic_altar
Lair:1:   serial_bayou_shore_b, grunt_megastairs_5, infiniplex_staircase_pool
Lair:2:   kb_forest_paths, minmay_swamp_entry_swarm,
          spider_nest_entry_funnel_web
Lair:3:   grunt_forest_stairs_clearing
Lair:4:   basic_altar, grunt_megastairs_1, lemuel_fruit_fields
Lair:5:   slime_altar_1, wad_woods_antlair, grunt_megastairs_4, uniq_urug,
          uniq_kirke
Bailey:   bailey_axe_of_yendor_kennysheep, bailey

Skill      XL: |  1  2  3  4  5  6  7  8  9 10 11 12 13 |
---------------+----------------------------------------+-----
Conjurations   | 2 3 4 5 6 8 9 11 12 | 12.9
Fire Magic     | 4 5 6 7 8 10 11 12 | 12.6
Dodging        | 3 4 5 6 7 9 |  9.5
Spellcasting   | 4 5 6 8 9 11 12 | 12.6
Fighting       | 1 3 4 5 6 7 |  7.3
Air Magic      | 2 3 |  3.6
Necromancy     | 2 3 |  3.0
Armour         | 1 2 |  2.6
Stealth        | |  2.4

Action                   |  1- 3 |  4- 6 |  7- 9 | 10-12 | 13-15 || total
-------------------------+-------+-------+-------+-------+-------++-------
Melee: Spear             |    15 |     4 |    12 |     1 |       ||    32
       Kick              |       |       |     1 |       |       ||     1
       Glaive            |       |       |       |     3 |     1 ||     4
 Cast: Flame Tongue      |    46 |    25 |   127 |   357 |    44 ||   599
       Throw Flame       |    29 |    59 |   109 |    82 |     1 ||   280
       Conjure Flame     |     1 |     1 |     6 |    15 |     3 ||    26
       Sticky Flame      |       |       |    15 |    53 |     9 ||    77
       Shock             |       |       |    13 |       |       ||    13
       Fireball          |       |       |     1 |    72 |    27 ||   100
       Animate Skeleton  |       |       |       |    24 |     6 ||    30
       Iskenderun's Batt |       |       |       |    18 |    11 ||    29
       Lightning Bolt    |       |       |       |     3 |     1 ||     4
       Orb of Destructio |       |       |       |     2 |     3 ||     5
  Use: Potion            |       |     6 |       |       |     2 ||     8
       Scroll            |       |     5 |     7 |    12 |       ||    24
  Eat: Chunk             |     1 |     7 |    16 |    30 |    13 ||    67
       Ration            |     1 |       |     1 |     3 |       ||     5
Armor: Robe              |     8 |     7 |    16 |     3 |       ||    34
       Troll leather arm |       |       |       |    37 |     6 ||    43
Dodge: Dodged            |    21 |    11 |    20 |   175 |    11 ||   238

Table legend:
 A = Spawn XP
 B = Non-spawn XP
 C = Spawn XP percentage of total XP
 D = Spawn monster count
 E = Non-spawn monster count
 F = Spawn count percentage of total count
 G = Total turns spent on level
                    A         B        C        D         E        F      G
               +---------+---------+-------+---------+---------+-------+---------
         Total |       0 |   47305 |   0.0 |       0 |     458 |   0.0 | 22264
               +---------+---------+-------+---------+---------+-------+---------
           D:1 |       0 |      69 |   0.0 |       0 |      31 |   0.0 |  1599
           D:2 |       0 |     158 |   0.0 |       0 |      20 |   0.0 |  1383
           D:3 |       0 |     323 |   0.0 |       0 |      33 |   0.0 |  1498
           D:4 |       0 |     680 |   0.0 |       0 |      26 |   0.0 |  1088
           D:5 |       0 |     175 |   0.0 |       0 |       5 |   0.0 |   724
           D:6 |       0 |     169 |   0.0 |       0 |      13 |   0.0 |  1316
           D:7 |       0 |    1794 |   0.0 |       0 |      31 |   0.0 |  1469
           D:8 |       0 |    3454 |   0.0 |       0 |      29 |   0.0 |  1338
           D:9 |       0 |    3518 |   0.0 |       0 |      34 |   0.0 |  1656
          D:10 |       0 |    2783 |   0.0 |       0 |      25 |   0.0 |  1006
          D:11 |       0 |    2608 |   0.0 |       0 |      20 |   0.0 |   820
        Lair:1 |       0 |    6507 |   0.0 |       0 |      52 |   0.0 |  1607
        Lair:2 |       0 |    7924 |   0.0 |       0 |      40 |   0.0 |  2057
        Lair:3 |       0 |    5373 |   0.0 |       0 |      24 |   0.0 |  1353
        Lair:4 |       0 |    6196 |   0.0 |       0 |      23 |   0.0 |  1628
        Lair:5 |       0 |    2044 |   0.0 |       0 |       8 |   0.0 |   254
        Bailey |       0 |    3530 |   0.0 |       0 |      44 |   0.0 |  1468
               +---------+---------+-------+---------+---------+-------+---------
